 Dungeon Crawl Stone Soup version 0.30-a0-857-gcaf70739d4 (webtiles) character file.

Game seed: 17480305079282353609

28 Mickster the Slasher (level 2, 0/24 HPs)
             Began as a Demigod Wanderer on Mar 6, 2023.
             Slain by a kobold
             ... wielding a +0 short sword
              (1 damage)
             ... on level 2 of the Dungeon.
             The game lasted 00:07:13 (936 turns).

Mickster the Slasher (Demigod Wanderer)              Turns: 936, Time: 00:07:14

Health: 0/24       AC:  3    Str: 10 (12) XL:     2   Next: 75%
Magic:  5/5        EV: 10    Int: 11 (12) God:
Gold:   47         SH:  4    Dex: 15 (16) Spells: 2/3 levels left

rFire   . . .      SeeInvis .    a - +2 falchion
rCold   . . .      Faith    .    b - +0 buckler
rNeg    . . .      Spirit   .    g - +0 leather armour
rPois   .          Reflect  .    (no helmet)
rElec   .          Rampage  .    (no cloak)
rCorr   .                        (no gloves)
Will    .....                    (no boots)
Stlth   +                        (no amulet)
HPRegen 0.24/turn                (no ring)
MPRegen 0.09/turn                (no ring)

@: no status effects
A: high MP 1, forlorn, divine attributes
a: no special abilities


You were on level 2 of the Dungeon.
You visited 1 branch of the dungeon, and saw 2 of its levels.

You collected 47 gold pieces.

Inventory:

Hand Weapons
 a - a +2 falchion (weapon)
 f - a +0 sling
Missiles
 e - 5 stones (quivered)
Armour
 b - a +0 buckler (worn)
 d - a +0 robe
 g - a +0 leather armour (worn)
Scrolls
 c - a scroll of blinking
Potions
 h - a potion of curing


   Skills:
 + Level 1.9 Fighting
 + Level 4.2 Long Blades
 + Level 0.1 Ranged Weapons
 + Level 1.0 Armour
 + Level 0.2 Dodging
 + Level 0.2 Stealth
 + Level 1.2 Shields
 + Level 1.0 Spellcasting
 + Level 1.0 Air Magic


You had 2 spell levels left.
You knew the following spells:

 Your Spells              Type           Power      Damage    Failure   Level
a - Shock                 Conj/Air       4%         1d3       43%         1

Your spell library contained the following spells:

 Spells                   Type           Power      Damage    Failure   Level
 Mephitic Cloud           Conj/Pois/Air  1%         N/A       85%         3


Dungeon Overview and Level Annotations

Branches:
Dungeon (2/15)


Innate Abilities, Weirdness & Mutations

You have an increased reservoir of magic. (+10% MP)
You shall have no god before yourself.
Your divine heritage dramatically boosts your attributes as you level up.


Message History

The kobold hits you with a +0 short sword.
The bat hits you but does no damage. The kobold attacks as you move away!
The kobold hits you with a +0 short sword.
Found a scroll labelled KUIVOT VY CIO and a chain mail.
The bat hits you but does no damage. The giant cockroach barely misses you.
The bat hits you but does no damage.
The goblin shoots a sling bullet.
The sling bullet hits you. The bat attacks as you move away!
The bat hits you but does no damage.
Found a ring mail.
The bat barely misses you. The giant cockroach barely misses you.
The bat hits you but does no damage.
The goblin shoots a sling bullet.
The sling bullet hits you. You block the bat's attack.
You closely miss the bat. The bat misses you. The jackal barely misses you.
The jackal bites you.
You hit the giant cockroach.
The giant cockroach is heavily wounded.
The bat barely misses you. You block the giant cockroach's attack.
The jackal closely misses you.
The goblin shoots a sling bullet.
The sling bullet hits you.
* * * LOW HITPOINT WARNING * * *
The giant cockroach misses you.
You hit the giant cockroach but do no damage.
The giant cockroach is heavily wounded.
The bat barely misses you.
The kobold hits you with a +0 short sword.
* * * LOW HITPOINT WARNING * * *
The giant cockroach bites you.
* * * LOW HITPOINT WARNING * * *
The jackal barely misses you. The jackal misses you.
You barely miss the giant cockroach.
The giant cockroach is heavily wounded.
The bat completely misses you. The jackal completely misses you.
You block the bat's attack. The jackal barely misses you.
The kobold hits you with a +0 short sword.
* * * LOW HITPOINT WARNING * * *
You block the giant cockroach's attack.
The kobold hits you with a +0 short sword.
You die...

..## .... ## ...#
##[##.. #.#......
#.##....###
#..#..ghb.## #
.......@..[#.#
#..#.hhBK.##.#
##..gh###..# #
#?....(...####
#.##?##.........
#..###...####.#
#............#
...........#######
#..#######.#


You could see 4 jackals, a giant cockroach, 2 goblins, a bat and a kobold.

Vanquished Creatures
  A dart slug (D:1)
  8 endoplasms
  A giant cockroach (D:1)
  A goblin (D:1)
  2 hobgoblins (D:1)
  A kobold (D:1)
  5 ball pythons
  A frilled lizard (D:1)
20 creatures vanquished.

Notes
Turn   | Place    | Note
-------+----------+-------------------------------------------
     0 | D:1      | Mickster the Demigod Wanderer began the quest for the Orb.
     0 | D:1      | Mickster set off with the following items: a +2 falchion, a
                  | +0 buckler, a scroll of blinking, a +0 robe; and the
                  | following spell memorised: Shock; and the following spells
                  | available to memorise: Mephitic Cloud.
     0 | D:1      | Reached XP level 1. HP: 17/17 MP: 4/4
   263 | D:1      | Reached skill level 4 in Long Blades
   271 | D:1      | Reached XP level 2. HP: 6/24 MP: 5/5
   608 | D:1      | HP: 1/24 [endoplasm (1)]
   935 | D:2      | HP: 1/24 [giant cockroach (2)]
   936 | D:2      | Slain by a kobold

Illustrated notes

Levels and vault maps discovered:
D:1:      lemuel_arrival_broad_hall, layout_basic
D:2:      layout_loops_ring, basic_altar, hellmonk_ecumenical_altar_lost_god,
          minmay_three_crescents, uniq_jessica, uniq_natasha

Skill      XL: |  1 |
---------------+----+-----
Long Blades    | 4 |  4.2
Fighting       | |  1.9
Ranged Weapons | |  0.1
Armour         | |  1.0
Dodging        | |  0.2
Stealth        | |  0.2
Shields        | |  1.2
Spellcasting   | |  1.0
Air Magic      | |  1.0

Action                     || total
---------------------------++-------
  Melee: Falchion          ||    50
   Fire: Sling             ||     4
    Use: Scroll            ||     2
         Potion            ||     3
 Armour: Robe              ||     7
         Leather armour    ||    17
  Dodge: Dodged            ||    52
  Block: Buckler           ||    19

Table legend: (Time is in decaauts)
 A = Elapsed time spent in this place.
 B = Non-inter-level travel time spent in this place.
 C = Inter-level travel time spent in this place.
 D = Time resting spent in this place.
 E = Time spent auto-exploring this place.
 F = Levels seen in this place.
 G = Mean time per level.
                   A        B        C        D        E       F      G
               +--------+--------+--------+--------+--------+-----+--------+
         Total |    943 |    943 |      0 |    450 |      0 |   2 |  471.5 |
       Dungeon |    943 |    943 |      0 |    450 |      0 |   2 |  471.5 |
               +--------+--------+--------+--------+--------+-----+--------+

Top non-repeatable levels by time:
     D:1: 924 daAuts
     D:2: 19 daAuts
